 Dungeon Crawl Stone Soup version 0.27.1 (webtiles) character file.

Game seed: 1922356056790053340

509 Atelerd the Digger (level 7, -1/41 HPs)
             Began as an Octopode Earth Elementalist on Sept 2, 2021.
             Slain by a scorpion (6 damage)
             ... on level 4 of the Dungeon.
             The game lasted 00:04:40 (5005 turns).

Atelerd the Digger (Octopode Earth Elementalist)    Turns: 5005, Time: 00:04:41

Health: -1/41      AC:  1    Str:  7    XL:     7   Next: 19%
Magic:  11/13      EV: 13    Int: 19    God:
Gold:   106        SH:  0    Dex: 13    Spells: 9/14 levels left

rFire    . . .     SeeInvis .   f - +1 dagger
rCold    . . .     Faith    .   (no shield)
rNeg     . . .     Spirit   .   (helmet restricted)
rPois    .         Reflect  .   (no amulet)
rElec    .         Harm     .   a - +4 ring of slaying
rCorr    .         Rampage  .   (no ring)
Will     .....                  (no ring)
Stlth    +++.......             (no ring)
HPRegen  0.13/turn              (no ring)
MPRegen  0.13/turn              (no ring)
                                (no ring)
                                (no ring)

@: lethally poisoned (-1 -> -13)
A: almost no armour, amphibious, 8 rings, camouflage 1, gelatinous body 1,
(nimble swimmer 1), tentacles
a: no special abilities


You were on level 4 of the Dungeon.
You visited 1 branch of the dungeon, and saw 4 of its levels.

You collected 106 gold pieces.

Inventory:

Hand Weapons
 f - a +1 dagger (weapon)
Missiles
 b - 112 stones
Jewellery
 a - a +4 ring of slaying (left tentacle)
Wands
 c - a wand of flame (17)
 m - a wand of iceblast (9)
 p - a wand of charming (8)
Scrolls
 k - 2 scrolls of enchant weapon
Potions
 d - a potion of degeneration {unknown}
 e - 4 potions of curing
 g - 3 potions of resistance
 h - 2 potions of attraction
 i - a potion of ambrosia {unknown}
 j - 2 potions of brilliance
 l - 2 potions of cancellation {unknown}
 n - a potion of haste {unknown}
 o - a potion of heal wounds {unknown}


   Skills:
 - Level 2.0 Short Blades
 - Level 2.0 Dodging
 - Level 2.6 Stealth
 - Level 4.0 Spellcasting
 - Level 4.0 Transmutations
 + Level 5.1 Earth Magic


You had 9 spell levels left.
You knew the following spells:

 Your Spells              Type           Power      Damage    Failure   Level
a - Sandblast             Erth           46%        2d11      1%          1
p - Petrify               Tmut/Erth      21%        N/A       21%         4

Your spell library contained the following spells:

 Spells                   Type           Power      Damage    Failure   Level
 Passwall                 Tmut/Erth      17%        N/A       3%          2
 Stone Arrow              Conj/Erth      26%        3d8       14%         3


Dungeon Overview and Level Annotations

Branches:
Dungeon (4/15)
 Temple: D:4-7

Altars:

Shops:
D:2 (


Innate Abilities, Weirdness & Mutations

You cannot wear most types of armour.
You are amphibious.
You can wear up to eight rings at the same time.
Your skin changes colour to match your surroundings (Stealth+).
Your rubbery body absorbs attacks. (AC +1, EV +1)
((You are camouflaged near water. (Stealth+)))
You have tentacles for arms and can constrict up to eight enemies at once.


Message History

A scorpion is nearby!
The scorpion stings you.
You completely miss the scorpion. Your grab misses the scorpion.
The scorpion stings you!
You hit the scorpion but do no damage. Your grab misses the scorpion.
The scorpion stings you.
You are poisoned.
The scorpion poisons you!
You hit the scorpion but do no damage. You grab the scorpion.
You constrict the scorpion, but do no damage.
You feel sick.
The scorpion stings you but does no damage.
The scorpion barely misses you.
Casting: Sandblast (safe; 1% risk of failure)
Confirm with . or Enter, or press ? or * to list all spells.
Aiming: Sandblast (safe; 1% risk of failure)
Press: ? - help, Shift-Dir - straight line, f - scorpion
Aim: a scorpion (constricted by you, 100% to hit)
The blast of sand hits the scorpion but does no damage.
You constrict the scorpion.
You feel sick. The scorpion stings you!
You are lethally poisoned!
The scorpion poisons you!
Casting: Sandblast (safe; 1% risk of failure)
Confirm with . or Enter, or press ? or * to list all spells.
Aiming: Sandblast (safe; 1% risk of failure)
Press: ? - help, Shift-Dir - straight line, f/p - scorpion
Aim: a scorpion (constricted by you, 100% to hit)
The blast of sand hits the scorpion.
The scorpion is moderately wounded.
You constrict the scorpion.
* * * LOW HITPOINT WARNING * * *
You feel very sick. The scorpion barely misses you.
You hit the scorpion.
The scorpion is heavily wounded.
You constrict the scorpion.
* * * LOW HITPOINT WARNING * * *
You feel very sick. The scorpion stings you.
You die...

.. ##.. #........##
####.###..#####.......#
##...........#[....[....
.............#...#......
#.......[.......##.....
#..........##...##....#
#..............###.#.##
#.......!..#######.#.##
#....s@.....#####.....>
#.........#.#.........#
#............#.###......
#.#######.#.............
# #...........####
###.##.####.# .##.# #.#
# # #.# #.#


You could see a scorpion.

Vanquished Creatures
  Duvessa (D:4)
  A black bear (D:3)
  A necrophage (D:4)
  Dowan (D:4)
  2 orc wizards (D:3)
  Terence (D:2)
  A hound skeleton (D:3)
  3 adders
  An adder skeleton (D:4)
  2 worms
  3 dart slugs
  2 orcs (D:3)
  8 ball pythons
  4 endoplasms
  5 giant cockroaches
  2 hobgoblins
  2 jackals (D:1)
  3 quokkas (D:1)
  3 bats
  6 frilled lizards
  8 goblins
  4 kobolds
  6 rats
70 creatures vanquished.

Notes
Turn   | Place    | Note
-------+----------+-------------------------------------------
     0 | D:1      | Atelerd the Octopode Earth Elementalist began the quest for
                  | the Orb.
     0 | D:1      | Reached XP level 1. HP: 11/11 MP: 3/3
   254 | D:1      | Reached XP level 2. HP: 17/17 MP: 3/5
   809 | D:1      | Reached XP level 3. HP: 19/21 MP: 3/6
  1069 | D:1      | Found a faded altar of an unknown god.
  1786 | D:2      | Noticed Terence
  1796 | D:2      | Killed Terence
  1797 | D:2      | Reached XP level 4. HP: 10/27 MP: 2/8
  2318 | D:2      | Found Usus Lurepn's Weapon Boutique.
  3321 | D:3      | Reached skill level 4 in Earth Magic
  3321 | D:3      | Reached XP level 5. HP: 9/31 MP: 4/9
  3554 | D:3      | Reached skill level 1 in Short Blades
  3979 | D:3      | Noticed a black bear
  3996 | D:3      | Killed a black bear
  3997 | D:3      | Reached XP level 6. HP: 26/36 MP: 4/11
  4589 | D:4      | Noticed a necrophage
  4598 | D:4      | Killed a necrophage
  4651 | D:4      | Learned a level 4 spell: Petrify
  4676 | D:4      | Noticed Duvessa
  4676 | D:4      | Noticed Dowan
  4684 | D:4      | Killed Duvessa
  4685 | D:4      | Reached XP level 7. HP: 14/41 MP: 5/12
  4694 | D:4      | Killed Dowan
  4695 | D:4      | Reached skill level 5 in Earth Magic
  5005 | D:4      | Slain by a scorpion

Illustrated notes

Levels and vault maps discovered:
D:1:      lemuel_arrival_river_ford, layout_basic,
          chequers_ecumenical_altar_lobes, minmay_tromino_v4_b
D:2:      layout_basic, serial_shops, shop, uniq_terence
D:3:      layout_basic, minmay_misc_feat_diagonals
D:4:      layout_loops_ring, mrwooster_statue_mirror,
          chequers_serial_rivers_marsh, uniq_duvessa

Skill      XL: |  1  2  3  4  5  6  7 |
---------------+----------------------+-----
Transmutations | 2 3 4 |  4.0
Spellcasting   | 3 4 |  4.0
Earth Magic    | 4 5 |  5.1
Short Blades   | 1 2 |  2.0
Dodging        | |  2.0
Stealth        | |  2.6

Action                   |  1- 3 |  4- 6 |  7- 9 || total
-------------------------+-------+-------+-------++-------
Melee: Unarmed           |    11 |       |       ||    11
       Constrict         |     8 |    13 |     3 ||    24
       Dagger            |    10 |    43 |    11 ||    64
       Tentacles         |     2 |    13 |     1 ||    16
 Cast: Sandblast         |    35 |    25 |     5 ||    65
       Petrify           |       |     1 |       ||     1
  Use: Scroll            |       |     3 |     2 ||     5
       Potion            |       |     1 |     1 ||     2
 Stab: Sleeping          |     5 |     5 |       ||    10
Armor: Skin              |       |     5 |     1 ||     6
Dodge: Dodged            |    18 |    26 |     5 ||    49
